 Dungeon Crawl Stone Soup version 0.18.1-48-g4cf74bf (webtiles) character file.

354 atgrul the Geomancer (level 6, -1/32 HPs)
             Began as a Gargoyle Earth Elementalist on July 30, 2016.
             Slain by a wyvern zombie (7 damage)
             ... on level 6 of the Dungeon.
             The game lasted 00:14:14 (3564 turns).

atgrul the Geomancer (Gargoyle Earth Elementalist)  Turns: 3564, Time: 00:14:14

Health: -1/32      AC:  8    Str: 12    XL:     6   Next: 62%
Magic:  9/9        EV:  7    Int: 17    God:
Gold:   170        SH:  0    Dex: 10    Spells: 2 memorised, 5 levels left

rFire  . . .     SeeInvis .     g - +0 short sword
rCold  . . .     Gourm    .     a - +0 robe
rNeg   + . .     Faith    .     (no shield)
rPois  ∞         Spirit   .     (no helmet)
rElec  +         Dismiss  .     t - +1 cloak
rCorr  .         Reflect  .     (no gloves)
SustAt .         Harm     .     (no boots)
MR     .....                    (no amulet)
Stlth  ++........               (no ring)
                                (no ring)

@: not resistant to hostile enchantments, unstealthy
A: negative energy resistance 1, electricity resistance, unbreathing,
petrification resistance, rot immunity, AC +4
a: no special abilities


You were on level 6 of the Dungeon.
You were not hungry.

You visited 1 branch of the dungeon, and saw 5 of its levels.

You collected 170 gold pieces.

Inventory:

Hand Weapons
 g - a +0 short sword (weapon)
Missiles
 b - 150 stones (quivered)
 n - 44 arrows
Armour
 a - a +0 robe (worn)
 t - a +1 cloak (worn)
Jewellery
 u - an uncursed ring of stealth {unknown}
 w - an uncursed ring of see invisible {unknown}
Scrolls
 h - a scroll of amnesia {unknown}
 k - a scroll of remove curse
 l - 2 scrolls of magic mapping {unknown}
 p - 3 scrolls of recharging {unknown}
 r - 2 scrolls of teleportation {unknown}
 x - a scroll of identify {unknown}
 y - 2 scrolls of blinking {unknown}
 z - a scroll of enchant armour {unknown}
Potions
 e - a potion of haste {unknown}
 f - 2 potions of flight {unknown}
 i - a potion of might {unknown}
 j - 2 potions of magic {unknown}
 m - a potion of heal wounds {unknown}
 o - 2 potions of curing {unknown}
 s - a potion of resistance {unknown}
 v - a potion of agility {unknown}
Books
 c - a book of Geomancy

   Spells                             Type                      Level
   a - Sandblast                      Earth                        1
   b - Passwall                       Transmutation/Earth          2
   c - Stone Arrow                    Conjuration/Earth            3
   d - Petrify                        Transmutation/Earth          4
   e - Lee's Rapid Deconstruction     Earth                        5
Comestibles
 d - 3 bread rations
 q - 2 meat rations
 A - a slice of pizza


   Skills:
 - Level 0.2 Fighting
 - Level 1.5 Dodging
 - Level 2.1 Stealth
 - Level 2.0 Spellcasting
 * Level 1.0 Conjurations
   Level 0.7 Transmutations
 + Level 8.5 Earth Magic


You had 5 spell levels left.
You knew the following spells:

 Your Spells              Type           Power        Failure   Level  Hunger
a - Sandblast             Erth           ####..       1%          1    #......
b - Stone Arrow           Conj/Erth      ###...       10%         3    ###....


Dungeon Overview and Level Annotations

Branches:
Dungeon (6/15)
 Temple: D:4-7

Altars:

Annotations:
D:2 Sigmund


Innate Abilities, Weirdness & Mutations

You are resistant to torment.
Your stone body is resilient (AC +4).
You are immune to poison.
You resist negative energy.
You are resistant to electric shocks.
You can survive without breathing.
You are immune to petrification.
You are immune to rotting.


Message History

The wyvern zombie is too close now for your liking.
There is an open door here.
The wyvern zombie bites you.
You hit the wyvern zombie. The wyvern zombie closely misses you.
The wyvern zombie misses you.
You barely miss the wyvern zombie. The wyvern zombie bites you.
You hit the wyvern zombie but do no damage.
The wyvern zombie misses you. The wyvern zombie bites you.
You hit the wyvern zombie. The wyvern zombie misses you.
You barely miss the wyvern zombie.
The wyvern zombie bites you but does no damage.
The wyvern zombie bites you! The wyvern zombie barely misses you.
You see here a giant club.
The wyvern zombie bites you!
* * * LOW HITPOINT WARNING * * *
The wyvern zombie bites you but does no damage.
There is a stone staircase leading up here.
The wyvern zombie bites you!
You die...

.##..##########...# #.# ###..#
##.## #.# #..## #.# #.## ###...##
##.## #..# .......## ##...##
##.## #.......## ##.....#
####..###
.........####.....######.......##
.........'.......Z....)..#####...
.........####...@#######.# #.#.
#.......## ##.#.# #.# #.#.
##.....## ###.# #.# #.#. ##...##
#.# #.# #.#. ##'## #.# #.. ....
#.# #.# ### #### #.# #.# ##.##
#.# ##...##


You could see a wyvern zombie.

Vanquished Creatures
  An ogre (D:6)
  2 orc priests (D:3)
  Terence (D:2)
  Ijyb (D:2)
  A worker ant (D:6)
  6 adders
  An ooze (D:3)
  2 worms (D:2)
  A giant gecko (D:1)
  3 orcs
  4 ball pythons
  4 giant cockroaches (D:2)
  4 goblins
  12 hobgoblins
  3 jackals
  8 kobolds
  13 bats
  A giant newt (D:3)
  4 rats (D:2)
72 creatures vanquished.

Notes
Turn   | Place    | Note
--------------------------------------------------------------
     0 | D:1      | atgrul the Gargoyle Earth Elementalist began the quest for the Orb.
     0 | D:1      | Reached XP level 1. HP: 10/10 MP: 3/3
   196 | D:1      | Reached skill level 4 in Earth Magic
   277 | D:1      | Reached XP level 2. HP: 15/15 MP: 3/5
   870 | D:1      | Reached XP level 3. HP: 19/19 MP: 3/6
   932 | D:2      | Reached skill level 5 in Earth Magic
   978 | D:2      | Noticed Ijyb
   986 | D:2      | Killed Ijyb
   986 | D:2      | Reached XP level 4. HP: 23/24 MP: 0/7
  1156 | D:2      | Reached skill level 6 in Earth Magic
  1592 | D:2      | Noticed Sigmund
  1628 | D:2      | Noticed Terence
  1963 | D:2      | Killed Terence
  1963 | D:2      | Reached XP level 5. HP: 16/28 MP: 0/8
  1970 | D:2      | Learned a level 3 spell: Stone Arrow
  2366 | D:3      | Reached skill level 7 in Earth Magic
  2868 | D:3      | Reached XP level 6. HP: 32/32 MP: 1/9
  3273 | D:3      | You fall through a shaft for 3 floors!
  3290 | D:6      | Reached skill level 8 in Earth Magic
  3297 | D:6      | Reached skill level 1 in Conjurations
  3371 | D:5      | Entered Level 5 of the Dungeon
  3564 | D:6      | Slain by a wyvern zombie

Skill      XL: |  1  2  3  4  5  6 |
---------------+-------------------+-----
Earth Magic    | 4 5 6 7 8 |  8.5
Conjurations   | 1 |  1.0
Fighting       | |  0.2
Dodging        | |  1.5
Stealth        | |  2.1
Spellcasting   | |  2.0
Transmutations | |  0.7

Action                   |  1- 3 |  4- 6 || total
-------------------------+-------+-------++-------
Melee: Short sword       |    10 |   111 ||   121
Throw: Stone             |    56 |    96 ||   152
 Cast: Sandblast         |    39 |    82 ||   121
       Stone Arrow       |       |    11 ||    11
  Use: Scroll            |       |     1 ||     1
  Eat: Chunk             |     1 |     5 ||     6
       Bread ration      |       |     2 ||     2
Armor: Robe              |    18 |    74 ||    92
Dodge: Dodged            |    31 |   123 ||   154
